 Dungeon Crawl Stone Soup version 0.28-a0-674-gdaf460b524 (webtiles) character file.

Game seed: 14206606582223030887

998 avis the Fighter (level 8, -1/70 HPs)
             Began as an Octopode Transmuter on Oct 17, 2021.
             Slain by an orc (6 damage)
             ... on level 4 of the Dungeon.
             The game lasted 00:25:19 (5907 turns).

avis the Fighter (Octopode Transmuter)              Turns: 5907, Time: 00:25:19

Health: -1/70      AC:  1    Str: 12    XL:     8   Next: 19%
Magic:  11/11      EV: 13    Int: 15    God:
Gold:   119        SH:  0    Dex: 12    Spells: 7/11 levels left

rFire   . . .      SeeInvis .   a - +2 mace (protect)
rCold   . . .      Faith    .   (no shield)
rNeg    . . .      Spirit   .   (helmet currently unavailable)
rPois   .          Reflect  .   (no amulet)
rElec   .          Harm     .   (no ring)
rCorr   .          Rampage  .   (no ring)
Will    .....                   (no ring)
Stlth   ++........              (no ring)
HPRegen 0.21/turn               (no ring)
MPRegen 0.12/turn               (no ring)
                                (no ring)
                                (no ring)

@: mighty, lethally poisoned (-1 -> -9), appendages (expiring)
A: tentacle spike 3, almost no armour, amphibious, 8 rings, camouflage 1,
gelatinous body 1, (nimble swimmer 1), tentacles
a: End Transformation


You were on level 4 of the Dungeon.
One of your tentacles had grown a beastly spike.
You visited 1 branch of the dungeon, and saw 4 of its levels.
You also visited: Sewer.

You collected 119 gold pieces.

Inventory:

Hand Weapons
 a - a +2 mace of protection (weapon)
 b - a +0 spear
 d - a +0 hand crossbow
 h - a +0 war axe
 k - a +1 dagger of draining
 m - a +0 dagger of protection
Missiles
 c - 141 stones
 e - 28 arrows
 j - 18 poisoned darts
 l - 23 bolts
 u - a curare-tipped dart
Magical Staves
 f - a staff of conjuration
Jewellery
 g - a ring of protection from fire
Scrolls
 i - 2 scrolls of enchant armour {unknown}
 n - 6 scrolls of identify {unknown}
 o - a scroll of teleportation {unknown}
 p - a scroll of fear {unknown}
 q - a scroll of amnesia {unknown}
 t - a scroll of blinking {unknown}
Potions
 r - 4 potions of might
 s - a potion of experience
 v - a potion of magic


   Skills:
 - Level 12.6 Fighting
 - Level 2.0 Dodging
 - Level 5.0 Unarmed Combat
 - Level 2.0 Spellcasting
 - Level 5.0 Transmutations
 * Level 3.6 Ice Magic
 - Level 1.0 Poison Magic


You had 7 spell levels left.
You knew the following spells:

 Your Spells              Type           Power      Damage    Failure   Level
a - Beastly Appendage     Tmut           32%        N/A       2%          1
p - Spider Form           Tmut/Pois      5%         N/A       19%         3

Your spell library contained the following spells:

 Spells                   Type           Power      Damage    Failure   Level
 Wereblood                Tmut           16%        N/A       4%          2
 Ice Form                 Ice/Tmut       14%        N/A       36%         4


Dungeon Overview and Level Annotations

Branches:
Dungeon (4/15)             Temple (0/1) D:4           Sewer (visited)

Altars:


Innate Abilities, Weirdness & Mutations

One of your tentacles has grown a beastly spike.
You cannot wear most types of armour.
You are amphibious.
You can wear up to eight rings at the same time.
Your skin changes colour to match your surroundings (Stealth+).
Your rubbery body absorbs attacks. (AC +1, EV +1)
((You are camouflaged near water. (Stealth+)))
You have tentacles for arms and can constrict up to eight enemies at once.


Message History

The orc wizard is heavily wounded.
The orc wizard completely misses you.
You hit the orc wizard.
The orc wizard looks as sick as possible!
The orc wizard is almost dead.
The orc wizard closely misses you.
The orc wizard mumbles some strange words.
The orc wizard flickers and vanishes!
Deactivating autopickup; reactivate with Ctrl-A.
Your transformation has ended.
Your +2 mace of protection unmelds from your body.
Your +2 mace of protection hums with potential!
Reactivating autopickup.
You feel a bit more experienced. The orc misses you.
The orc hits you with a +0 club.
* * * LOW HITPOINT WARNING * * *
Things that are here:
a +0 giant club; an adder corpse; an ogre corpse It was a potion of might.
You feel very mighty all of a sudden. The orc barely misses you.
Casting: Spider Form (quite dangerous; 19% risk of failure)
Confirm with . or Enter, or press ? or * to list all spells.
One of your tentacles grows a vicious spike.
Your transformation is almost over.
The orc hits you with a +2 hand axe of venom.
* * * LOW HITPOINT WARNING * * *
You are lethally poisoned!
It was a potion of experience.
You feel more experienced!
Your Fighting skill gained 11 levels and is now at level 12!
You have reached level 8!
* * * LOW HITPOINT WARNING * * *
You feel very sick. The orc completely misses you.
It was a potion of magic.
Magic courses through your body.
* * * LOW HITPOINT WARNING * * *
You feel very sick.
The orc hits you with a +2 hand axe of venom.
You die...

##### **** ##...## ,,,*
###################.###.# **,*
#.....oooo@.........# #.###
*,*
#.####.######.#####.###....
**.####....o.##
#..........####
*,...........)############..##
*,,#.....))....).!# #..#
,,......).###.##..# #..#
*,.#.##.###*#.#*:.# #.รท#
,,,.,...,,,,#.#*..#**** #..#
*,,#.##,,,,,#$#*...,,,**##..#


You could see 4 orcs.

Vanquished Creatures
  2 ogres (D:4)
  A kobold brigand (Sewer)
  2 orc wizards (D:4)
  Robin (D:2)
  3 gnolls
  5 adders
  3 dart slugs
  A worm (D:2)
  7 orcs
  12 bats
  11 endoplasms
  6 giant cockroaches
  10 goblins
  13 hobgoblins
  2 jackals (D:2)
  16 kobolds
  5 quokkas
  14 ball pythons
  3 frilled lizards
  9 rats
126 creatures vanquished.

Vanquished Creatures (others)
  A fungus (Sewer)
  4 plants (Sewer)
5 creatures vanquished.

Grand Total: 131 creatures vanquished

Notes
Turn   | Place    | Note
-------+----------+-------------------------------------------
     0 | D:1      | avis the Octopode Transmuter began the quest for the Orb.
     0 | D:1      | Reached XP level 1. HP: 13/13 MP: 3/3
   161 | D:1      | Reached skill level 1 in Poison Magic
   173 | D:1      | Reached skill level 1 in Ice Magic
   226 | D:1      | Reached XP level 2. HP: 18/18 MP: 3/5
   580 | D:1      | Found a faded altar of an unknown god.
  1031 | D:1      | Reached XP level 3. HP: 22/23 MP: 4/6
  1434 | D:1      | Learned a level 3 spell: Spider Form
  2183 | D:2      | Reached XP level 4. HP: 28/28 MP: 5/7
  2283 | D:2      | You fall into a shaft and drop 1 floor!
  2285 | D:3      | Noticed Robin
  3665 | D:2      | Reached skill level 5 in Unarmed Combat
  3981 | D:3      | Reached XP level 5. HP: 31/33 MP: 4/8
  4067 | D:2      | Killed Robin
  5202 | D:4      | Found a glowing drain.
  5210 | Sewer    | Entered a sewer
  5555 | Sewer    | Noticed a kobold brigand
  5564 | Sewer    | Killed a kobold brigand
  5565 | Sewer    | Reached XP level 6. HP: 38/38 MP: 9/9
  5839 | D:4      | Reached skill level 5 in Transmutations
  5864 | D:4      | Reached XP level 7. HP: 43/43 MP: 5/10
  5906 | D:4      | Reached skill level 12 in Fighting
  5906 | D:4      | Reached XP level 8. HP: 12/70 MP: 6/11
  5907 | D:4      | Slain by an orc

Illustrated notes

Levels and vault maps discovered:
D:1:      psy_arrival_statuary, layout_basic,
          chequers_ecumenical_altar_simple_redux, minmay_misc_feat_cross,
          minivault_14, corner_web_ring
D:2:      layout_basic
D:3:      layout_loops_ring, uniq_robin
D:4:      minmay_chambers_of_fours, layout_loops_ring, kennysheep_mini,
          temple_doors_cd, portal_sewer_entry_e

Skill      XL: |  1  2  3  4  5  6  7 |
---------------+----------------------+-----
Poison Magic   | 1 |  1.0
Ice Magic      | 1 3 |  3.6
Unarmed Combat | 4 5 |  5.0
Transmutations | 4 5 |  5.0
Fighting       | 12 | 12.6
Dodging        | |  2.0
Spellcasting   | |  2.0

Action                   |  1- 3 |  4- 6 |  7- 9 || total
-------------------------+-------+-------+-------++-------
Melee: Unarmed           |    82 |    95 |     7 ||   184
       Constrict         |    22 |    22 |       ||    44
       Kick              |    18 |    15 |     1 ||    34
       Tentacles         |    15 |     8 |     2 ||    25
       Punch             |     1 |     4 |       ||     5
       Mace              |       |    61 |     7 ||    68
 Cast: Beastly Appendage |    34 |    25 |     2 ||    61
       Spider Form       |     1 |    16 |     1 ||    18
  Use: Potion            |       |     2 |     3 ||     5
       Scroll            |       |     1 |       ||     1
 Stab: Sleeping          |     6 |    12 |       ||    18
Armor: Skin              |     6 |     9 |     1 ||    16
Dodge: Dodged            |    42 |   110 |    13 ||   165

Table legend: (Time is in decaauts)
 A = Elapsed time spent in this place.
 B = Non-inter-level travel time spent in this place.
 C = Inter-level travel time spent in this place.
 D = Time resting spent in this place.
 E = Time spent auto-exploring this place.
 F = Levels seen in this place.
 G = Mean time per level.
                   A        B        C        D        E       F      G
               +--------+--------+--------+--------+--------+-----+--------+
         Total |   5929 |   5694 |    235 |   2216 |   1989 |   5 | 1185.8 |
       Dungeon |   5327 |   5092 |    235 |   2046 |   1980 |   4 | 1331.8 |
         Sewer |    601 |    601 |      0 |    170 |      9 |   1 |  601.0 |
               +--------+--------+--------+--------+--------+-----+--------+

Top non-repeatable levels by time:
     D:2: 2652 daAuts
     D:1: 1463 daAuts
     D:3: 857 daAuts
   Sewer: 601 daAuts
     D:4: 354 daAuts
